 Dungeon Crawl Stone Soup version 0.19.1-1-g22dce08 (webtiles) character file.

0 Gargoyl the Skirmisher (level 1, -8/19 HPs)
             Began as a Ghoul Abyssal Knight on Jan 2, 2017.
             Was a Follower of Lugonu.
             Mangled by a large abomination (14 damage)
             ... on level 1 of the Abyss.
             The game lasted 00:00:37 (177 turns).

Gargoyl the Skirmisher (Ghoul Abyssal Knight)        Turns: 177, Time: 00:00:37

Health: -8/19      AC:  3    Str: 14 (15) XL:     1   Next: 0%
Magic:  1/1        EV:  8    Int:  6 (7)  God:    Lugonu [*.....]
Gold:   0          SH:  0    Dex:  7 (8)  Spells: 0 memorised, 0 levels left

rFire  . . .     SeeInvis .     a - +1 hand axe
rCold  + . .     Gourm    .     b - +0 leather armour
rNeg   + + +     Faith    .     (no shield)
rPois  ∞         Spirit   .     (no helmet)
rElec  .         Reflect  .     (no cloak)
rCorr  .         Harm     .     (no gloves)
MR     .....                    (no boots)
Stlth  +.........               (no amulet)
                                (no ring)
                                (no ring)

@: rotting, constricted
A: rotting body, claws 1, carnivore 3, cold resistance 1, negative energy
resistance 3, slow regeneration 1, torment resistance, unbreathing
a: Depart the Abyss, Renounce Religion


You were on level 1 of the Abyss.
You worshipped Lugonu.
Lugonu was aware of your devotion.
You were not hungry.

You visited 0 branches of the dungeon, and saw 0 of its levels.
You visited the Abyss 1 time.

Inventory:

Hand Weapons
 a - a +1 hand axe (weapon)
Armour
 b - a +0 leather armour (worn)
Potions
 d - a potion of mutation {unknown}
Comestibles
 c - a meat ration


   Skills:
 + Level 3.2 Fighting
 + Level 1.7 Axes
 + Level 1.7 Armour
 + Level 0.8 Dodging
 + Level 2.0 Invocations


You couldn't memorise any spells.
You didn't know any spells.

Dungeon Overview and Level Annotations

Branches:
Dungeon (0/15)

Altars:


Innate Abilities, Weirdness & Mutations

Your body is rotting away.
You thrive on raw meat.
You are immune to poison.
You have sharp fingernails.
You are carnivorous and can eat meat at any time.
Your flesh is cold resistant. (rC+)
You are immune to negative energy. (rN+++)
You regenerate slowly when monsters are visible.
You are immune to unholy pain and torment.
You can survive without breathing.


Message History

A tentacled starspawn comes into view. 2 starspawn tentacles come into view.
The starspawn tentacle grabs you. The starspawn tentacle constricts you.
You escape the starspawn tentacle's grasp.
The quasit barely misses you.
The quasit claws you but does no damage.
The quasit claws you. The quasit barely misses you.
The quasit claws you but does no damage.
The quasit closely misses you. The starspawn tentacle grabs you.
The starspawn tentacle constricts you.
You escape the starspawn tentacle's grasp.
The starspawn tentacle grabs you. The starspawn tentacle constricts you.
You escape the starspawn tentacle's grasp.
Tentacles burst from the starspawn's body! 2 starspawn tentacles come into view.
The starspawn tentacle grabs you. The starspawn tentacle constricts you.
The large abomination hits you!
Ouch! That really hurt!
You die...

.. #..#
.##..##..##..##.w #..#
................... . .
................. ... #.
#.. #..##..##│.##..#
#..##..##..##.3##│.##. #
..........ΛΛ...........
........ww/─X...$.......
.......@XV55............
###.#.....########.#...#
#...###### #.###.# #..
.# #.# #. .## .#. # . ..
.. .#


You could see a tentacled starspawn, a large abomination, a neqoxec, 2 starspawn
tentacles, a quasit and an ufetubus.

Vanquished Creatures (others)
  2 starspawn tentacles (Abyss:1)
2 creatures vanquished.

Notes
Turn   | Place    | Note
-------+----------+-------------------------------------------
     0 | Abyss:1  | Gargoyl the Ghoul Abyssal Knight began the quest for the Orb.
     0 | Abyss:1  | Reached XP level 1. HP: 19/19 MP: 1/1
   122 | Abyss:1  | Noticed a large abomination
   131 | Abyss:1  | Noticed a neqoxec
   137 | Abyss:1  | Noticed a quasit
   140 | Abyss:1  | Found a corrupted altar of Lugonu.
   141 | Abyss:1  | Noticed an iron imp
   141 | Abyss:1  | Noticed an iron imp
   145 | Abyss:1  | Noticed a large abomination
   162 | Abyss:1  | Noticed a starcursed mass
   165 | Abyss:1  | Noticed a tentacled starspawn
   177 | Abyss:1  | Mangled by a large abomination

Action                   || total
-------------------------++-------
Armor: Leather armour    ||    11
Dodge: Dodged            ||    11
